 Dungeon Crawl Stone Soup version 0.31-a0-161-gb58dd9be76 (webtiles) character file.

Game seed: 4956534811648134190

450 qw the Shooter (level 7, -3/64 HPs)
             Began as a Naga Hunter on June 12, 2023.
             Slain by a gnoll
             ... wielding a +0 halberd
              (8 damage)
             ... on level 4 of the Dungeon.
             The game lasted 00:01:22 (2868 turns).

qw the Shooter (Naga Hunter)                        Turns: 2868, Time: 00:01:23

Health: -3/64      AC:  6    Str: 16    XL:     7   Next: 4%
Magic:  7/7        EV:  9    Int:  9    God:
Gold:   119        SH:  0    Dex: 16    Spells: 6/6 levels left

rFire   . . .        Y - +0 shortbow
rCold   . . .        (shield currently unavailable)
rNeg    . . .        c - +0 leather armour
rPois   +            d - +0 helmet of Experimentation {rPois Regen+ Str+2 Stlth-}
rElec   .            h - +0 cloak
rCorr   .            m - +0 pair of gloves
SInv    +            (no barding)
Will    .....        (no amulet)
Stlth   +            (no ring)
HPRegen 1.10/turn    (no ring)
MPRegen 0.10/turn

%: no passive effects
@: about to teleport, very slow
A: AC +2, large, see invisible, deformed body, poison resistance, slowness 2,
spit poison 1, naga tail 1
a: Spit Poison


You were on level 4 of the Dungeon.
You visited 1 branch of the dungeon, and saw 5 of its levels.

You collected 207 gold pieces.
You spent 88 gold pieces at shops.


Innate Abilities, Weirdness & Mutations

Your serpentine skin is tough. (AC +2)
You have supernaturally acute eyesight. (SInv)
Armour fits poorly on your strangely shaped body.
Your system is resistant to poisons. (rPois)
You cover ground very slowly.
You can spit poison.
You have a snake-like lower body.


   Skills:
 - Level 4.0 Fighting
 - Level 6.7 Ranged Weapons
 + Level 0.1 Armour
 - Level 1.5 Dodging
 - Level 1.5 Stealth


You had 6 spell levels left.
You didn't know any spells.
Your spell library was empty.

Inventory:

Hand Weapons
 Y - a +0 shortbow (weapon)
Armour
 c - a +0 leather armour (worn)
 d - the +0 helmet of Experimentation (worn) {rPois Regen+ Str+2 Stlth-}
   (You took it off Robin on level 3 of the Dungeon)

   Str:       It affects your strength (+2).
   rPois:     It protects you from poison.
   Regen:     It increases your rate of health regeneration.
   Stlth:     It makes you less stealthy.
 h - a +0 cloak (worn)
 m - a +0 pair of gloves (worn)
Scrolls
 f - a scroll of identify
Potions
 b - a potion of mutation
 g - a potion of might
 j - a potion of invisibility {unknown}
 k - a potion of attraction {unknown}
 l - 3 potions of curing
 o - a potion of berserk rage {unknown}
 q - a potion of heal wounds {unknown}

Dungeon Overview and Level Annotations

Branches:
Dungeon (5/15)             Temple (0/1) D:4

Altars:
Gozag
Makhleb

Shops:
D:3 *

Annotations:
D:3 3 runed translucent doors, qw's ghost, weakling GrHu


Message History

There is a stone staircase leading down here.
Enter note:
Enter note:
Enter note:
Enter note:
Enter note:
Enter note:
Enter note:
Enter note:
Enter note:
Enter note:
Enter note:
Enter note:
2863 ||| INVOKING Spit Poison.
Aiming: Spit Poison (1% risk of failure)
Press: ? - help, Shift-Dir - straight line, f - gnoll The splash of poison misses the gnoll.
The gnoll barely misses you. The gnoll hits you with a +0 club.
The gnoll barely misses you.
You shoot an arrow.
The arrow hits the gnoll but does no damage.
The gnoll hits you with a +0 flail. The gnoll barely misses you.
The gnoll hits you with a +0 club. The gnoll hits you with a +0 halberd!
You shoot an arrow. The arrow barely misses the gnoll.
The gnoll hits you with a +0 flail. The gnoll closely misses you.
The gnoll hits you with a +0 club. The gnoll hits you with a +0 halberd!
You shoot an arrow. The arrow closely misses the gnoll.
The gnoll hits you with a +0 flail. The gnoll hits you with a +0 whip.
The gnoll hits you but does no damage. The gnoll hits you with a +0 halberd!
2867 ||| READING scroll of teleportation.
As you read the scroll of teleportation, it crumbles to dust.
You feel strangely unstable. The gnoll hits you but does no damage.
The gnoll barely misses you.
The gnoll hits you but does no damage. x2
You shoot an arrow. The arrow hits the gnoll.
The gnoll is lightly wounded.
You have got your breath back.
The gnoll hits you with a +0 flail! The gnoll hits you with a +0 whip.
The gnoll closely misses you. The gnoll hits you with a +0 halberd!
You die...

#...........# #.......
#...........# #.......
#..........!#####)......
#..%....................
##########..............)........
#............######........######
..........#########........#
..........#.....g.########## ##
..........#.>.#g@g# #.
..........#.....g.# #.
..........########## #.
....)..............# #.
...#########.......# #. ...#
#.......# #. ...#
#.......#############. ...#
#.............?....... ...#
#.......#############.


You could see 4 gnolls.

Vanquished Creatures
  A scorpion (D:4)
  2 orc priests (D:4)
  A hound (D:3)
  A sleepcap (D:4)
  2 orc wizards (D:4)
  An iguana (D:4)
  Robin (D:3)
  8 adders
  An ufetubus (D:4)
  A worm (D:2)
  2 dart slugs
  12 orcs
  9 endoplasms
  3 giant cockroaches
  12 goblins
  6 hobgoblins
  7 kobolds
  6 quokkas
  7 ball pythons
  3 bats (D:1)
  A frilled lizard (D:2)
  10 rats
97 creatures vanquished.

Notes
Turn   | Place    | Note
-------+----------+-------------------------------------------
     0 | D:1      | qw the Naga Hunter began the quest for the Orb.
     0 | D:1      | Reached XP level 1. HP: 19/19 MP: 1/1
     0 | D:1      | 0 ||| qw: Version: 0.2-a-29-gc1b59c4
     0 | D:1      | 0 ||| qw: Game counter: 4277
     0 | D:1      | 0 ||| qw: Always use a shield: true
     0 | D:1      | 0 ||| qw: God list: Okawaru
     0 | D:1      | 0 ||| qw: Allow faded altars: false
     0 | D:1      | 0 ||| qw: Do Orc after D:15 true
     0 | D:1      | 0 ||| qw: Do second Lair branch before Depths: true
     0 | D:1      | 0 ||| qw: Lair rune preference: random
     0 | D:1      | 0 ||| qw: Plans: Normal
     0 | D:1      | 0 ||| PLANNING D:1-11
    41 | D:1      | 41 ||| INVOKING Spit Poison.
    61 | D:1      | 61 ||| INVOKING Spit Poison.
    66 | D:1      | 66 ||| INVOKING Spit Poison.
    95 | D:1      | 95 ||| INVOKING Spit Poison.
   100 | D:1      | 100 ||| INVOKING Spit Poison.
   101 | D:1      | Reached skill level 4 in Ranged Weapons
   101 | D:1      | Reached XP level 2. HP: 26/26 MP: 2/2
   104 | D:1      | 104 ||| INVOKING Spit Poison.
   122 | D:1      | 122 ||| INVOKING Spit Poison.
   134 | D:1      | 134 ||| INVOKING Spit Poison.
   188 | D:1      | 188 ||| INVOKING Spit Poison.
   271 | D:1      | 271 ||| INVOKING Spit Poison.
   292 | D:1      | 292 ||| INVOKING Spit Poison.
   298 | D:1      | 298 ||| INVOKING Spit Poison.
   391 | D:1      | 391 ||| UPGRADING to +0 cloak.
   396 | D:1      | 396 ||| READING scroll labelled MAH QAIRETE.
   397 | D:1      | 397 ||| READING scroll labelled ITINOS KOAFIW.
   401 | D:1      | 401 ||| READING scroll labelled CUOSSU WEFYUTH.
   402 | D:1      | 402 ||| READING scroll labelled FANYNN QINIOKH.
   403 | D:1      | 403 ||| READING scroll labelled CODULO YMIMAUKK.
   404 | D:1      | 404 ||| DROPPING scroll of butterflies.
   519 | D:2      | 519 ||| INVOKING Spit Poison.
   540 | D:2      | You fall into a shaft and drop 1 floor!
   541 | D:3      | 541 ||| READING scroll labelled UQIDGHE GAUNWUVI.
   588 | D:2      | 588 ||| INVOKING Spit Poison.
   594 | D:2      | 594 ||| INVOKING Spit Poison.
   598 | D:2      | 598 ||| INVOKING Spit Poison.
   604 | D:2      | Reached XP level 3. HP: 18/32 MP: 3/3
   627 | D:2      | 627 ||| INVOKING Spit Poison.
   631 | D:2      | 631 ||| INVOKING Spit Poison.
   632 | D:2      | HP: 8/32 [poisoned by an adder]
   730 | D:2      | 730 ||| INVOKING Spit Poison.
   735 | D:2      | 735 ||| INVOKING Spit Poison.
   809 | D:2      | 809 ||| INVOKING Spit Poison.
   840 | D:2      | 840 ||| INVOKING Spit Poison.
   924 | D:2      | Reached skill level 5 in Ranged Weapons
   924 | D:2      | Reached XP level 4. HP: 35/39 MP: 4/4
   964 | D:2      | 964 ||| INVOKING Spit Poison.
   979 | D:2      | 979 ||| INVOKING Spit Poison.
   990 | D:2      | 990 ||| INVOKING Spit Poison.
  1034 | D:2      | 1034 ||| INVOKING Spit Poison.
  1037 | D:2      | 1037 ||| INVOKING Spit Poison.
  1133 | D:2      | 1133 ||| INVOKING Spit Poison.
  1200 | D:2      | 1200 ||| INVOKING Spit Poison.
  1240 | D:2      | 1240 ||| INVOKING Spit Poison.
  1391 | D:2      | 1391 ||| READING 2 scrolls labelled UCAROT CUKHE.
  1392 | D:2      | 1392 ||| READING scroll labelled INICOBBIHAU.
  1393 | D:2      | 1393 ||| READING scroll labelled KINLOTZEGUA.
  1394 | D:2      | 1394 ||| READING 2 scrolls labelled SINWUU ILIOBODD.
  1395 | D:2      | 1395 ||| DROPPING scroll of revelation.
  1424 | D:3      | 1424 ||| INVOKING Spit Poison.
  1431 | D:3      | Identified the +0 helmet of Experimentation {rPois Regen+
                  | Str+2 Stlth-}
  1431 | D:3      | Noticed Robin
  1432 | D:3      | 1432 ||| INVOKING Spit Poison.
  1436 | D:3      | Killed Robin
  1443 | D:3      | 1443 ||| INVOKING Spit Poison.
  1444 | D:3      | 1444 ||| Stepping ~*~*~tactically~*~*~ (outnumbered).
  1448 | D:3      | 1448 ||| INVOKING Spit Poison.
  1450 | D:3      | 1450 ||| Stepping ~*~*~tactically~*~*~ (outnumbered).
  1453 | D:3      | 1453 ||| INVOKING Spit Poison.
  1464 | D:3      | 1464 ||| INVOKING Spit Poison.
  1497 | D:3      | Found Atto's Assorted Antiques.
  1513 | D:3      | 1513 ||| BUYING 2 golden potions (28 gold).
  1513 | D:3      | Bought 2 golden potions for 28 gold pieces
  1513 | D:3      | 1513 ||| BUYING golden potion (14 gold).
  1513 | D:3      | Bought a golden potion for 14 gold pieces
  1513 | D:3      | 1513 ||| BUYING scroll of identify (32 gold).
  1513 | D:3      | Bought a scroll of identify for 32 gold pieces
  1513 | D:3      | 1513 ||| SHOPLISTING scroll of teleportation (48 gold, have
                  | 40).
  1513 | D:3      | 1513 ||| BUYING sedimented pink potion (14 gold).
  1513 | D:3      | Bought a sedimented pink potion for 14 gold pieces
  1540 | D:3      | 1540 ||| INVOKING Spit Poison.
  1622 | D:3      | Found a burning altar of Makhleb.
  1692 | D:3      | Reached skill level 3 in Fighting
  1694 | D:3      | 1694 ||| INVOKING Spit Poison.
  1723 | D:3      | 1723 ||| INVOKING Spit Poison.
  1745 | D:3      | 1745 ||| INVOKING Spit Poison.
  1747 | D:3      | Reached XP level 5. HP: 49/49 MP: 5/5
  1751 | D:3      | 1751 ||| INVOKING Spit Poison.
  1809 | D:3      | 1809 ||| INVOKING Spit Poison.
  1812 | D:3      | 1812 ||| INVOKING Spit Poison.
  1874 | D:3      | Found a runed translucent gate.
  1875 | D:3      | Found a runed translucent gate.
  1875 | D:3      | Found a runed translucent gate.
  1876 | D:3      | Found an opulent altar of Gozag.
  1876 | D:3      | Noticed a water moccasin
  1876 | D:3      | Noticed qw's ghost (weakling GrHu)
  1926 | D:3      | 1926 ||| INVOKING Spit Poison.
  1942 | D:3      | 1942 ||| UPGRADING to +0 helmet of Experimentation {rPois
                  | Regen+ Str+2 Stlth-}.
  1947 | D:3      | 1947 ||| DROPPING ring of wizardry.
  1948 | D:3      | 1948 ||| DROPPING ring of magical power.
  1949 | D:3      | 1949 ||| READING scroll labelled KABLEXIMARR.
  2050 | D:3      | 2050 ||| DRINKING 4 golden potions.
  2051 | D:3      | 2051 ||| READING 4 scrolls of identify.
  2051 | D:3      | 2051 ||| IDENTIFYING orange potion
  2052 | D:3      | 2052 ||| READING 3 scrolls of identify.
  2052 | D:3      | 2052 ||| IDENTIFYING lumpy blue potion
  2053 | D:3      | 2053 ||| READING 2 scrolls of identify.
  2053 | D:3      | 2053 ||| IDENTIFYING pink potion
  2054 | D:3      | 2054 ||| DROPPING potion of brilliance.
  2079 | D:4      | 2079 ||| INVOKING Spit Poison.
  2098 | D:4      | 2098 ||| Stepping ~*~*~tactically~*~*~ (outnumbered).
  2099 | D:4      | 2099 ||| INVOKING Spit Poison.
  2103 | D:4      | 2103 ||| INVOKING Spit Poison.
  2109 | D:4      | 2109 ||| INVOKING Spit Poison.
  2113 | D:4      | 2113 ||| INVOKING Spit Poison.
  2138 | D:4      | 2138 ||| INVOKING Spit Poison.
  2162 | D:4      | 2162 ||| INVOKING Spit Poison.
  2181 | D:4      | 2181 ||| INVOKING Spit Poison.
  2189 | D:4      | Found a staircase to the Ecumenical Temple.
  2190 | D:4      | 2190 ||| PLANNING TEMPLE
  2194 | D:4      | 2194 ||| INVOKING Spit Poison.
  2201 | D:4      | 2201 ||| INVOKING Spit Poison.
  2210 | D:4      | 2210 ||| INVOKING Spit Poison.
  2217 | D:4      | 2217 ||| INVOKING Spit Poison.
  2218 | D:4      | 2218 ||| INVOKING Spit Poison.
  2221 | D:4      | 2221 ||| INVOKING Spit Poison.
  2224 | D:4      | 2224 ||| INVOKING Spit Poison.
  2226 | D:4      | Reached skill level 6 in Ranged Weapons
  2231 | D:4      | 2231 ||| INVOKING Spit Poison.
  2232 | D:4      | Reached XP level 6. HP: 56/56 MP: 6/6
  2247 | D:4      | 2247 ||| INVOKING Spit Poison.
  2250 | D:4      | 2250 ||| INVOKING Spit Poison.
  2256 | D:4      | 2256 ||| INVOKING Spit Poison.
  2262 | D:4      | 2262 ||| INVOKING Spit Poison.
  2338 | D:4      | 2338 ||| INVOKING Spit Poison.
  2342 | D:4      | 2342 ||| INVOKING Spit Poison.
  2345 | D:4      | 2345 ||| INVOKING Spit Poison.
  2349 | D:4      | 2349 ||| INVOKING Spit Poison.
  2352 | D:4      | 2352 ||| INVOKING Spit Poison.
  2356 | D:4      | 2356 ||| INVOKING Spit Poison.
  2359 | D:4      | 2359 ||| INVOKING Spit Poison.
  2365 | D:4      | 2365 ||| INVOKING Spit Poison.
  2386 | D:4      | 2386 ||| INVOKING Spit Poison.
  2389 | D:4      | Reached XP level 7. HP: 64/64 MP: 7/7
  2398 | D:4      | 2398 ||| INVOKING Spit Poison.
  2402 | D:4      | 2402 ||| INVOKING Spit Poison.
  2630 | D:4      | 2630 ||| INVOKING Spit Poison.
  2705 | D:4      | 2705 ||| UPGRADING to +0 pair of gloves.
  2710 | D:4      | 2710 ||| READING scroll labelled VIBBOH IMAMNE.
  2711 | D:4      | 2711 ||| DRINKING 2 fuming ruby potions.
  2741 | D:4      | 2741 ||| READING 2 scrolls of identify.
  2741 | D:4      | 2741 ||| IDENTIFYING metallic brown potion
  2742 | D:4      | 2742 ||| DROPPING potion of lignification.
  2743 | D:4      | 2743 ||| DROPPING potion of degeneration.
  2765 | D:5      | Entered Level 5 of the Dungeon
  2791 | D:5      | 2791 ||| INVOKING Spit Poison.
  2854 | D:5      | 2854 ||| INVOKING Spit Poison.
  2861 | D:5      | 2861 ||| STAIRDANCE
  2863 | D:4      | 2863 ||| INVOKING Spit Poison.
  2866 | D:4      | HP: 12/64 [gnoll/+0 halberd (9)]
  2867 | D:4      | 2867 ||| READING scroll of teleportation.
  2868 | D:4      | HP: 5/64 [gnoll/+0 whip (1)]
  2868 | D:4      | Slain by a gnoll

Levels and vault maps discovered:
D:1:      amcnicky_arrival_feature_with_door, layout_rooms
D:2:      layout_loops_corners, minmay_octomino_j4
D:3:      layout_basic, lightli_temple_of_fire, ebering_ghost_gozag,
          serial_shops, nicolae_shop_peninsula, uniq_robin
D:4:      layout_basic, minmay_temple_entry_from_below_a
D:5:      layout_loops_cross, minmay_bent

Skill      XL: |  1  2  3  4  5  6 |
---------------+-------------------+-----
Ranged Weapons | 4 5 6 |  6.7
Fighting       | 3 4 |  4.0
Armour         | |  0.1
Dodging        | |  1.5
Stealth        | |  1.5

Action                     |  1- 3 |  4- 6 |  7- 9 || total
---------------------------+-------+-------+-------++-------
   Fire: Shortbow          |    55 |   151 |    22 ||   228
Ability: Spit Poison       |    22 |    50 |     6 ||    78
    Use: Scroll            |     6 |     8 |     3 ||    17
         Potion            |       |     1 |     1 ||     2
 Armour: Leather armour    |     5 |    45 |     9 ||    59
  Dodge: Dodged            |     9 |    58 |    14 ||    81

Table legend:
 A = Non-vault XP
 B = Vault XP
 C = Vault XP percentage of total XP
 D = Non-vault monster count
 E = Vault monster count
 F = Vault count percentage of total count
                 A         B        C        D         E       F
            +---------+---------+-------+---------+---------+-------
      Total |     589 |      55 |   8.5 |      84 |      13 |  13.4
            +---------+---------+-------+---------+---------+-------
        D:1 |      24 |       0 |   0.0 |      16 |       0 |   0.0
        D:2 |      53 |      19 |  26.4 |      18 |       2 |  10.0
        D:3 |      81 |      36 |  30.8 |      12 |      11 |  47.8
        D:4 |     426 |       0 |   0.0 |      36 |       0 |   0.0
        D:5 |       5 |       0 |   0.0 |       2 |       0 |   0.0
            +---------+---------+-------+---------+---------+-------
